 Dungeon Crawl Stone Soup version 0.30.0-29-ga12c61a403 (webtiles) character file.

Game seed: 13434889094397701931

10 H0rd4k the Charlatan (level 2, 0/21 HPs)
             Began as a Human Artificer on June 19, 2023.
             Slain by a gnoll
             ... wielding a +0 whip
              (5 damage)
             ... on level 1 of the Dungeon.
             The game lasted 00:00:27 (293 turns).

H0rd4k the Charlatan (Human Artificer)               Turns: 293, Time: 00:00:28

Health: 0/21       AC:  3    Str: 12    XL:     2   Next: 30%
Magic:  2/2        EV: 11    Int: 11    God:
Gold:   21         SH:  0    Dex: 13    Spells: 1/1 levels left

rFire   . . .        a - +0 club
rCold   . . .        (no shield)
rNeg    . . .        b - +0 leather armour
rPois   .            (no helmet)
rElec   .            (no cloak)
rCorr   .            (no gloves)
SInv    .            (no boots)
Will    .....        (no amulet)
Stlth   +            (no ring)
HPRegen 0.23/turn    (no ring)
MPRegen 0.08/turn

%: no passive effects
@: no status effects
A: no striking features
a: no special abilities


You were on level 1 of the Dungeon.
You visited 1 branch of the dungeon, and saw 1 of its levels.

You collected 21 gold pieces.

Inventory:

Hand Weapons
 a - a +0 club (weapon)
Armour
 b - a +0 leather armour (worn)
Wands
 c - a wand of flame (5) (quivered)
 d - a wand of charming (15)
 e - a wand of iceblast (5)
Scrolls
 g - a scroll of amnesia {unknown}
 i - a scroll of immolation {unknown}
Potions
 f - a potion of cancellation {unknown}
 h - a potion of curing {unknown}


   Skills:
 + Level 1.2 Fighting
 - Level 2.0 Armour
 + Level 1.0 Dodging
 + Level 1.0 Stealth
 + Level 3.5 Evocations


You had one spell level left.
You didn't know any spells.
Your spell library was empty.

Dungeon Overview and Level Annotations

Branches:
Dungeon (1/15)

Altars:


Message History

Press: ? - help, Shift-Dir - straight line, f - gnoll
Aim: a gnoll, wielding a +0 whip (75% to hit)
The puff of flame misses the gnoll.
The gnoll barely misses you.
Unknown command.
Aiming: Throw Flame
Press: ? - help, Shift-Dir - straight line, f/p - gnoll
Aim: a gnoll, wielding a +0 whip (75% to hit)
The puff of flame hits the gnoll.
The gnoll is moderately wounded.
The gnoll hits you with a +0 whip.
Unknown command.
Aiming: Throw Flame
Press: ? - help, Shift-Dir - straight line, f/p - gnoll
Aim: a gnoll, wielding a +0 whip (moderately wounded, 75% to hit)
The puff of flame hits the gnoll.
The gnoll is severely wounded.
The gnoll hits you with a +0 whip.
* * * LOW HITPOINT WARNING * * *
Aiming: Throw Flame
Press: ? - help, Shift-Dir - straight line, f/p - gnoll
Aim: a gnoll, wielding a +0 whip (severely wounded, 75% to hit)
The puff of flame misses the gnoll.
The gnoll barely misses you.
Unknown command.
Aiming: Throw Flame
Press: ? - help, Shift-Dir - straight line, f/p - gnoll
Aim: a gnoll, wielding a +0 whip (severely wounded, 75% to hit)
The puff of flame misses the gnoll.
The gnoll closely misses you.
Unknown command.
Aiming: Throw Flame
Press: ? - help, Shift-Dir - straight line, f/p - gnoll
Aim: a gnoll, wielding a +0 whip (severely wounded, 75% to hit)
The puff of flame hits the gnoll.
The gnoll is almost dead.
The gnoll closely misses you.
Unknown command.
A gnoll is nearby!
You closely miss the gnoll.
The gnoll is almost dead.
The gnoll hits you with a +0 whip.
You die...

..... .... ### ### #...
#.. ####.. ... . #..
#....# .. .. #.. #....#
.##.# #..
#....###....##. ####..
#...>..@g....... ......
#....#...#####.#######..
#....###................
#....# ######.#######..
#....# #.#....##..
#....####### #.#........
#..........# #...#......
####.......# #.#........
#.......###)###....##


You could see a gnoll.

Vanquished Creatures
  An endoplasm (D:1)
  A giant cockroach (D:1)
  A goblin (D:1)
  3 kobolds (D:1)
  A quokka (D:1)
  2 ball pythons (D:1)
  A bat (D:1)
10 creatures vanquished.

Notes
Turn   | Place    | Note
-------+----------+-------------------------------------------
     0 | D:1      | H0rd4k the Human Artificer began the quest for the Orb.
     0 | D:1      | Reached XP level 1. HP: 15/15 MP: 1/1
    89 | D:1      | Reached XP level 2. HP: 11/21 MP: 2/2
   166 | D:1      | HP: 1/21 [constriction (1)]
   293 | D:1      | Slain by a gnoll

Illustrated notes

Levels and vault maps discovered:
D:1:      ncdulo_smallfort, layout_basic, serial_shops, nicolae_shop_scrapyard

Action                     || total
---------------------------++-------
  Melee: Club              ||    42
  Evoke: Wand              ||    10
 Armour: Leather armour    ||    16
  Dodge: Dodged            ||    38
